 Dungeon Crawl Stone Soup version 0.21.0-26-g889b8f6 (webtiles) character file.

386146 tidbits the Epochal (level 22, 0/223 HPs)
             Began as a Gnoll Fire Elementalist on Jan 26, 2018.
             Was an Elder of Cheibriados.
             Slain by a skeletal warrior
             ... wielding a +0 halberd
              (2 damage)
             ... on level 1 of the Tomb of the Ancients on Jan 28, 2018.
             The game lasted 04:03:14 (12316 turns).

tidbits the Epochal (Gnoll Fire Elementalist)      Turns: 12316, Time: 04:03:14

Health: 0/223      AC: 29    Str: 20      XL:     22   Next: 62%
Magic:  34/49      EV: 28    Int: 36 (37) God:    Cheibriados [****..]
Gold:   1162       SH: 20    Dex: 27      Spells: 6/50 levels left

rFire    + . .     SeeInvis .   a - +9 broad axe (elec)
rCold    . . .     Gourm    .   D - +5 shield {reflect}
rNeg     + + .     Faith    .   (armour currently unavailable)
rPois    ∞         Spirit   .   (no helmet)
rElec    +         Reflect  +   C - +2 cloak "Zoceoxap" {rElec Regen+ rCorr Dex-5}
rCorr    +         Harm     .   (gloves currently unavailable)
MR       +++..                  (boots currently unavailable)
Stlth    +++.......             X - amulet of magic regeneration
HPRegen  0.87/turn              y - ring "Xeokh" {rElec rPois rN+ Int+4 Slay+3}
MPRegen  0.56/turn              H - ring "Qaty" {rElec MR++ MP+9 Int-2 Dex+4}

@: statue-form, corroded, contaminated, glowing, studying Unarmed Combat, very
slow
A: distributed training, fangs 1, thin skeletal structure 1, fire resistance 1,
strong nose
}: 3/15 runes: serpentine, barnacled, slimy
a: End Transformation, Bend Time, Temporal Distortion, Slouch, Renounce Religion


You were on level 1 of the Tomb of the Ancients.
You worshipped Cheibriados.
Cheibriados was greatly pleased with you.
You were full.
You were a stone statue.
You visited 11 branches of the dungeon, and saw 46 of its levels.
You also visited: Labyrinth and Bailey.

You collected 3534 gold pieces.
You spent 2372 gold pieces at shops.

Inventory:

Hand Weapons
 a - a +9 broad axe of electrocution (weapon)
   (You took it off a vault guard on level 14 of the Dungeon)
 q - a +3 dagger of distortion
   (You took it off an orc wizard on level 2 of the Orcish Mines)
Missiles
 m - 113 arrows
 x - 18 javelins of penetration (quivered)
 A - 2 throwing nets {!f}
Armour
 B - a +1 troll leather armour (melded)
 C - the +2 cloak "Zoceoxap" (worn) {rElec Regen+ rCorr Dex-5}
   (You bought it in a shop on level 2 of the Orcish Mines)

   It affects your dexterity (-5).
   It insulates you from electricity.
   It increases your rate of regeneration.
   It protects you from acid and corrosion.
 D - a +5 shield of reflection (worn)
   (You found it on level 3 of the Shoals)
 F - a +1 pair of boots (melded)
 G - a +0 pair of gloves (melded)
Magical Staves
 e - an uncursed staff of energy {!a}
   (You found it on level 4 of the Shoals)
Jewellery
 b - the ring "Zuxoaloe" {*Drain rPois rN+ Dex+6 Slay+2}
   (You found it on level 3 of the Crypt)

   [ring of positive energy]

   It affects your dexterity (+6).
   It affects your accuracy and damage with ranged weapons and melee attacks
   (+2).
   It protects you from poison.
   It protects you from negative energy.
   It causes draining when unequipped.
 i - an uncursed ring of flight
   (You found it on level 2 of the Crypt)
 p - an uncursed ring of protection from fire
   (You found it in a labyrinth)
 y - the ring "Xeokh" (left hand) {rElec rPois rN+ Int+4 Slay+3}
   (You took it off a vampire mage on level 3 of the Crypt)

   [ring of positive energy]

   It affects your intelligence (+4).
   It affects your accuracy and damage with ranged weapons and melee attacks
   (+3).
   It insulates you from electricity.
   It protects you from poison.
   It protects you from negative energy.
 H - the ring "Qaty" (right hand) {rElec MR++ MP+9 Int-2 Dex+4}
   (You bought it in a shop on level 2 of the Orcish Mines)

   [ring of magical power]

   It affects your intelligence (-2).
   It affects your dexterity (+4).
   It insulates you from electricity.
   It affects your resistance to hostile enchantments.
   It affects your magic capacity (+9).
 W - the ring "Xamikidgh" {Wiz rC+}
   (You found it on level 3 of the Elven Halls)

   [ring of wizardry]

   It improves your spell success rate.
   It protects you from cold.
 X - an amulet of magic regeneration (around neck)
   (You found it on level 3 of the Lair of Beasts)
Wands
 d - a wand of digging (5)
 z - a wand of enslavement (40)
 K - a wand of paralysis (28)
 O - a wand of acid (6)
 Q - a wand of polymorph (24)
 V - a wand of clouds (3)
Scrolls
 g - 3 scrolls of holy word
 j - 5 scrolls of fear
 k - 2 scrolls of blinking
 n - 8 scrolls of enchant weapon
 r - 9 scrolls of remove curse
 t - 4 scrolls of teleportation
 w - 3 scrolls of immolation
 E - 2 scrolls of identify
 R - a scroll of fog
 T - 4 scrolls of silence
Potions
 f - 2 potions of flight
 l - 8 potions of mutation {!q}
 o - 2 potions of might
 s - 4 potions of resistance
 v - 7 potions of brilliance
 I - 11 potions of curing
 N - a potion of agility
 P - 2 potions of magic
 S - 4 potions of invisibility
Books
 M - a book of the Tempests
   (You found it on level 5 of the Pits of Slime)

   Spells                             Type                      Level
   a - Static Discharge               Conjuration/Air              3
   b - Lightning Bolt                 Conjuration/Air              5
   c - Ignition                       Fire                         8
   d - Tornado                        Air                          9
   e - Shatter                        Earth                        9
 U - a manual of Unarmed Combat
   (You found it on level 5 of the Pits of Slime)
Miscellaneous
 u - a phial of floods
 J - a lamp of fire (inert)
 L - 4 phantom mirrors
 Y - a lightning rod (4/4)
 Z - a box of beasts
Comestibles
 c - 25 rations


   Skills:
 + Level 14.2 Fighting
 + Level 14.2 Short Blades
 + Level 14.2 Long Blades
 + Level 14.2 Axes
 + Level 14.2 Maces & Flails
 + Level 14.2 Polearms
 + Level 14.2 Staves
 + Level 14.2 Slings
 + Level 14.2 Bows
 + Level 14.2 Crossbows
 + Level 14.2 Throwing
 + Level 14.2 Armour
 + Level 14.7 Dodging
 + Level 14.6 Stealth
 + Level 14.2 Shields
 + Level 15.2 Unarmed Combat
 + Level 14.8 Spellcasting
 + Level 12.4 Conjurations
 + Level 12.2 Hexes
 + Level 12.2 Charms
 + Level 12.2 Summonings
 + Level 12.2 Necromancy
 + Level 12.2 Translocations
 + Level 12.2 Transmutations
 + Level 13.2 Fire Magic
 + Level 12.2 Ice Magic
 + Level 12.2 Air Magic
 + Level 12.2 Earth Magic
 + Level 12.2 Poison Magic
 + Level 15.3 Invocations
 + Level 14.2 Evocations


You had 6 spell levels left.
You knew the following spells:

 Your Spells              Type           Power        Failure   Level  Hunger
a - Ignition              Fire           #######...   41%         8    ######.
f - Fireball              Conj/Fire      #######...   1%          5    None
k - Sticks to Snakes      Tmut           #######.     0%          2    None
l - Lesser Beckoning      Tloc           #######...   1%          3    None
p - Passwall              Tmut/Erth      #######...   0%          2    None
s - Statue Form           Tmut/Erth      #######..    1%          6    #......
A - Apportation           Tloc           ######       0%          1    None
D - Lee's Rapid Deconstr  Erth           #######...   1%          5    None
L - Summon Lightning Spi  Summ/Air       #######.     1%          4    None
P - Summon Butterflies    Summ           #######.     0%          1    None
R - Irradiate             Conj/Tmut      #######...   1%          5    None
Z - Sublimation of Blood  Necr           #######...   0%          2    None


Dungeon Overview and Level Annotations

Branches:
Dungeon (15/15)            Temple (1/1) D:5            Lair (6/6) D:9
 Shoals (4/4) Lair:2        Snake (4/4) Lair:4        Slime (5/5) Lair:5
    Orc (2/2) D:11            Elf (3/3) Orc:2        Vaults (2/5) D:14
  Crypt (3/3) Vaults:2       Tomb (1/3) Crypt:3
 Depths: D:15

Altars:
Ashenzari
Cheibriados
Dithmenos
Elyvilon
Fedhas
Gozag
Hepliaklqana
Kikubaaqudgha
Makhleb
Nemelex Xobeh
Okawaru
Qazlal
Ru
Sif Muna
Trog
Uskayaw
Vehumet
Wu Jian
Xom
Yredelemnul
Zin
The Shining One
Beogh
Jiyva

Shops:
D:7 (   D:14 =   Orc:2 ([*=   Elf:1 }=}   Snake:4 [}

Annotations:
D:5 Blork the orc
Lair:2 exclusion: upstairs
Lair:6 exclusion: hydra


Innate Abilities, Weirdness & Mutations

Your experience applies equally to all skills.
You have very sharp teeth.
Your uncanny sense of smell can sniff out nearby items.
((You are partially covered in thin metallic scales. (AC +2)))
You have a somewhat thin skeletal structure. (Dex +2, Stealth)
Your flesh is heat resistant. (rF+)


Message History

The emperor scorpion is blasted with magical radiation!
The emperor scorpion is almost dead.
The emperor scorpion twists and deforms.
The greater mummy is blasted with magical radiation!
The greater mummy is severely damaged.
The emperor scorpion is blasted with magical radiation!
The emperor scorpion is severely wounded.
The emperor scorpion twists and deforms.
The emperor scorpion is blasted with magical radiation!
The emperor scorpion is almost dead.
The emperor scorpion twists and deforms.
The emperor scorpion is blasted with magical radiation!
The emperor scorpion is severely wounded.
The emperor scorpion twists and deforms.
The greater mummy is blasted with magical radiation!
You destroy the greater mummy!
Cheibriados appreciates the change of pace.
You feel extremely nervous for a moment...
Something reaches out for you...
The emperor scorpion disappears in a puff of smoke! x3
You feel your intelligence returning.
You are lightly contaminated with residual magic.
The emperor scorpion stings you but does no damage.
The emperor scorpion completely misses you. x2
The greater mummy misses you.
You block the emperor scorpion's attack.
The emperor scorpion misses you.
You block the emperor scorpion's attack.
The emperor scorpion stings you but does no damage.
The emperor scorpion claws you but does no damage.
The emperor scorpion completely misses you.
The skeletal warrior hits you from afar with a halberd.
* * * LOW HITPOINT WARNING * * *
The emperor scorpion closely misses you.
You block the emperor scorpion's attack.
The emperor scorpion barely misses you.
Unknown command.
You slice the greater mummy!!
The greater mummy is severely damaged.
You hit the emperor scorpion. You slash the emperor scorpion!
You completely miss the emperor scorpion.
The greater mummy hits you but does no damage.
The emperor scorpion misses you. x2
You block the emperor scorpion's attack. x2
The emperor scorpion completely misses you.
The emperor scorpion barely misses you. The skeletal warrior misses you.
The soul eater draws from the surrounding life force!
* * * LOW HITPOINT WARNING * * *
You hit the greater mummy. You bite the greater mummy.
The greater mummy is almost destroyed.
You closely miss the emperor scorpion. You slash the rust devil!
You slash the emperor scorpion! x2
Lightning courses through the emperor scorpion!
You kill the emperor scorpion!
The emperor scorpion's corpse disappears in a puff of smoke!
You slice the emperor scorpion!!
Lightning courses through the emperor scorpion!
You kill the emperor scorpion!
The emperor scorpion's corpse disappears in a puff of smoke!
You block the rust devil's attack.
The greater mummy gestures wildly while chanting.
The emperor scorpion barely misses you. The emperor scorpion misses you.
You block the emperor scorpion's attack.
The emperor scorpion stings you!
* * * LOW HITPOINT WARNING * * *
The emperor scorpion completely misses you.
The emperor scorpion claws you but does no damage.
The skeletal warrior completely misses you.
The greater mummy casts a spell at you. Something smites you!
* * * LOW HITPOINT WARNING * * *
The rust devil hits you. The rust devil corrodes you!
The greater mummy hits you!
* * * LOW HITPOINT WARNING * * *
Unknown command.
Casting: Irradiate
Confirm with . or Enter, or press ? or * to list all spells.
You erupt in a fountain of uncontrolled magic!
The rust devil is blasted with magical radiation!
You kill the rust devil!
The emperor scorpion is blasted with magical radiation!
The emperor scorpion is almost dead.
The emperor scorpion twists and deforms.
The greater mummy is blasted with magical radiation!
The greater mummy is almost destroyed.
The emperor scorpion is blasted with magical radiation!
The emperor scorpion is moderately wounded.
The emperor scorpion twists and deforms.
The soul eater is blasted with magical radiation!
The soul eater is almost dead.
The soul eater twists and deforms.
The emperor scorpion is blasted with magical radiation!
You kill the emperor scorpion!
The emperor scorpion's corpse disappears in a puff of smoke!
You are contaminated with residual magic.
You block the soul eater's attack.
You block the emperor scorpion's attack. x2
The emperor scorpion barely misses you.
The skeletal warrior hits you from afar with a halberd.
You die...

......# .......#
.8...8.# .......#
##'''''##
##############....M..##
#......................
#..###'###.....§3......
#(.##...##...4s8s......
#..#.^.^.#....Ms§......
#..#..#..#.....z.......
#..#.....#......s......
#..##...##....###'###..
#..#######....# ..# .
#.)...)..(....# .^.
#..)).(.......# #..#
#...........


You could see 2 greater mummies, 4 emperor scorpions, a skeletal warrior, a soul
eater and an ice devil.

Vanquished Creatures
  the Royal Jelly (Slime:5)
  4 ancient liches (Crypt:3)
  A greater mummy (Tomb:1)
  A curse toe (Crypt:3)
  A bone dragon (Crypt:3)
  Jorgrun (Snake:3)
  4 liches
  Polyphemus (Shoals:3)
  A deep elf master archer (Elf:3)
  17 acid blobs
  2 deep elf blademasters (Elf:3)
  8 ancient champions
  Frances (Elf:1)
  6 sphinxes (Tomb:1)
  17 azure jellies
  Donald (Elf:3)
  8 nagarajas
  Ilsuiw (Shoals:4)
  3 revenants
  An orc warlord (Orc:2)
  A curse skull (Crypt:3)
  10 deep elf sorcerers (Elf:3)
  4 ghouls (Crypt:3)
  A stone giant (Orc:1)
  2 reapers (Crypt:3)
  8 deep elf elementalists (Elf:3)
  2 vampire knights
  2 ironheart preservers
  6 deep elf demonologists
  9 deep elf annihilators
  2 minotaurs
  5 mummy priests (Tomb:1)
  7 death oozes (Slime:5)
  5 jiangshi
  2 eidola
  3 merfolk javelineers (Shoals:4)
  6 merfolk impalers
  5 deep elf death magi (Elf:3)
  A fire dragon (Vaults:2)
  5 deep elf high priests (Elf:3)
  A quicksilver dragon zombie (Tomb:1)
  5 great orbs of eyes
  An ice dragon (Lair:6)
  A yaktaur captain (Vaults:1)
  4 vault guards (D:14)
  3 hydras
  10 naga warriors
  2 catoblepae
  An alligator snapping turtle (Shoals:3)
  2 merfolk avatars
  3 centaur warriors
  8 anacondas
  A deep troll shaman (Vaults:2)
  8 merfolk aquamancers
  4 two-headed ogres
  Erica (D:9)
  2 death knights
  6 satyrs (Shoals:4)
  A death scarab (Tomb:1)
  4 orc high priests (Orc:2)
  9 vampire magi
  2 death yaks (Shoals:3)
  4 dancing weapons
  10 naga sharpshooters
  A small abomination (Elf:3)
  A soul eater (Crypt:3)
  5 shock serpents
  6 deep elf knights
  A shadow wraith (Crypt:3)
  A hell knight (Elf:1)
  2 large abominations (Elf:3)
  A salamander mystic (Snake:4)
  13 skeletal warriors
  3 deep trolls (Vaults:2)
  13 sea snakes
  An unseen horror (D:14)
  A flayed ghost (Crypt:2)
  5 naga ritualists
  3 glowing orange brains
  A lindwurm (Lair:6)
  A wizard (D:14)
  A harpy (shapeshifter) (Vaults:1)
  9 orc knights
  Pikel (D:7)
  4 deep elf archers (Elf:3)
  A necromancer (Vaults:2)
  13 deep elf magi
  3 mana vipers
  6 ugly things
  A shadow dragon skeleton (Tomb:1)
  3 shining eyes (Slime:5)
  5 harpies (Shoals:2)
  17 fauns
  5 orc sorcerers
  4 ironbrand convokers
  5 cyclopes
  2 elephants (Shoals:4)
  7 salamanders
  5 merfolk sirens
  5 manticores
  Maurice (D:9)
  3 vault sentinels
  19 black mambas
  A guardian serpent (Snake:4)
  15 naga magi
  A water nymph (Shoals:4)
  3 stone giant skeletons
  3 torpor snails (Lair:6)
  7 spiny frogs
  3 gargoyles
  An eye of devastation (Slime:4)
  A catoblepas zombie (Tomb:1)
  6 yaktaurs (Vaults:1)
  2 efreet
  5 freezing wraiths
  3 komodo dragons
  A death yak skeleton (Crypt:3)
  6 harpy zombies (Shoals:2)
  2 red draconian skeletons (Crypt:3)
  A catoblepas skeleton (Crypt:3)
  2 wind drakes
  5 guardian mummies (Tomb:1)
  2 trolls
  6 meliai
  A meliai (shapeshifter) (D:14)
  A jumping spider (shapeshifter) (D:14)
  A wind drake (shapeshifter) (Vaults:1)
  26 merfolk
  A queen bee (Lair:5)
  6 hornets
  A hydra skeleton (Crypt:3)
  Prince Ribbit (Lair:2)
  4 tyrant leeches (Lair:6)
  5 dream sheep
  39 slime creatures
  6 snapping turtles
  8 blink frogs
  A flying skull (Crypt:3)
  3 hippogriffs
  A shadow (Crypt:1)
  An air elemental (Elf:1)
  An ice dragon skeleton (Tomb:1)
  3 wraiths
  22 water elementals
  6 wyverns
  2 ushabtiu (Tomb:1)
  A fire elemental (Elf:3)
  4 golden eyes (Slime:4)
  28 yaks
  2 hungry ghosts
  2 wargs (Orc:1)
  44 nagas
  A faun zombie (Crypt:1)
  7 water moccasins
  Edmund (D:5)
  3 porcupines
  A floating eye (Slime:5)
  38 orc warriors
  2 black bears
  6 eyes of draining
  A sky beast (D:11)
  4 ice beasts
  13 ogres
  4 phantoms
  14 centaurs
  A snapping turtle zombie (Crypt:3)
  6 crocodiles
  14 bullfrogs
  An ogre simulacrum (Vaults:1)
  3 scorpions
  A wyvern skeleton (Crypt:2)
  31 killer bees
  A shapeshifter zombie (Crypt:3)
  4 wights (Crypt:1)
  A yak skeleton (Crypt:1)
  2 electric eels (Snake:2)
  4 howler monkeys
  3 crimson imps
  A bullfrog zombie (D:11)
  2 centaur zombies
  9 jellies
  4 hounds
  33 orc wizards
  23 orc priests
  2 centaur skeletons
  Jessica (D:2)
  Terence (D:2)
  2 iguanas
  10 worker ants
  A felid zombie (Crypt:1)
  A dwarf skeleton (Crypt:3)
  A deep dwarf skeleton (Crypt:1)
  A hound zombie (D:8)
  13 mummies (Tomb:1)
  2 worker ant zombies
  11 adders
  3 shadow imps
  A swamp drake skeleton (Crypt:1)
  4 oozes
  An adder skeleton (D:6)
  3 worms
  6 leopard geckos
  122 orcs
  3 bats
  3 giant cockroaches
  A goblin (D:2)
  A hobgoblin (D:1)
  5 jackals
  4 quokkas
  A ball python (D:4)
  2 frilled lizards
  A goblin skeleton (Crypt:3)
  4 kobolds
  A leopard gecko zombie (Crypt:2)
  4 rats
  A butterfly (Lair:5)
  2 crawling corpses (Elf:3)
  6 plants
1199 creatures vanquished.

Vanquished Creatures (collateral kills)
  3 acid blobs
  A death ooze (Slime:5)
  A merfolk aquamancer (Shoals:3)
  2 sea snakes (Shoals:3)
  A glowing orange brain (Slime:5)
  A shining eye (Slime:3)
  A deep elf mage (Elf:3)
  An eye of devastation (Slime:5)
  A centaur skeleton (D:11)
  2 torpor snails (Lair:6)
  9 slime creatures
  3 hornets (Lair:6)
  An orc warrior (Orc:1)
  A plant (Shoals:4)
28 creatures vanquished.

Vanquished Creatures (others)
  A centaur warrior (D:13)
  A naga sharpshooter (Snake:4)
  2 slime creatures (Slime:5)
  A deep elf knight (Elf:1)
  A hippogriff (D:7)
  2 nagas
  A necrophage (D:7)
  A centaur skeleton (D:7)
  A mummy (Tomb:1)
  A leopard gecko (D:7)
  3 orcs (D:7)
  A bush (D:14)
  4 fungi
  63 plants
83 creatures vanquished.

Grand Total: 1310 creatures vanquished

Notes
Turn   | Place    | Note
-------+----------+-------------------------------------------
     0 | D:1      | tidbits the Gnoll Fire Elementalist began the quest for the Orb.
     0 | D:1      | Reached XP level 1. HP: 13/13 MP: 6/6
    41 | D:1      | Reached skill level 2 in Conjurations
    42 | D:1      | Reached XP level 2. HP: 14/19 MP: 0/7
    46 | D:1      | Learned a level 2 spell: Throw Flame
   215 | D:2      | Found a burning altar of Makhleb.
   217 | D:2      | Reached skill level 5 in Spellcasting
   217 | D:2      | Reached skill level 1 in Invocations
   217 | D:2      | Reached XP level 3. HP: 18/25 MP: 5/9
   256 | D:2      | Reached skill level 1 in Fighting
   256 | D:2      | Reached skill level 1 in Short Blades
   256 | D:2      | Reached skill level 1 in Long Blades
   256 | D:2      | Reached skill level 1 in Axes
   256 | D:2      | Reached skill level 1 in Maces & Flails
   256 | D:2      | Reached skill level 1 in Polearms
   256 | D:2      | Reached skill level 1 in Staves
   256 | D:2      | Reached skill level 1 in Slings
   256 | D:2      | Reached skill level 1 in Bows
   256 | D:2      | Reached skill level 1 in Crossbows
   256 | D:2      | Reached skill level 1 in Throwing
   256 | D:2      | Reached skill level 1 in Armour
   256 | D:2      | Reached skill level 1 in Shields
   256 | D:2      | Reached skill level 1 in Unarmed Combat
   256 | D:2      | Reached skill level 1 in Evocations
   302 | D:2      | Noticed Terence
   304 | D:2      | Gained mutation: You have a pair of small antennae on your head. [potion of mutation]
   304 | D:2      | Gained mutation: Your flesh is cold resistant. (rC+) [potion of mutation]
   304 | D:2      | Gained mutation: You are partially covered in thin metallic scales. (AC +2) [potion of mutation]
   311 | D:2      | Killed Terence
   311 | D:2      | Reached XP level 4. HP: 24/32 MP: 2/11
   313 | D:2      | Noticed Jessica
   317 | D:2      | Killed Jessica
   317 | D:2      | Reached skill level 1 in Hexes
   317 | D:2      | Reached skill level 1 in Charms
   317 | D:2      | Reached skill level 1 in Summonings
   317 | D:2      | Reached skill level 1 in Necromancy
   317 | D:2      | Reached skill level 1 in Translocations
   317 | D:2      | Reached skill level 1 in Transmutations
   317 | D:2      | Reached skill level 1 in Ice Magic
   317 | D:2      | Reached skill level 1 in Air Magic
   317 | D:2      | Reached skill level 1 in Earth Magic
   317 | D:2      | Reached skill level 1 in Poison Magic
   404 | D:3      | Reached XP level 5. HP: 37/37 MP: 9/12
   507 | D:3      | Found a faded altar of an unknown god.
   515 | D:3      | Reached XP level 6. HP: 44/44 MP: 4/13
   536 | D:5      | Entered Level 5 of the Dungeon
   572 | D:3      | Reached skill level 2 in Invocations
   577 | D:3      | Learned a level 3 spell: Conjure Flame
   582 | D:3      | Learned a level 4 spell: Sticky Flame
   787 | D:5      | Reached skill level 5 in Dodging
   816 | D:5      | Reached skill level 2 in Fighting
   816 | D:5      | Reached skill level 2 in Short Blades
   816 | D:5      | Reached skill level 2 in Long Blades
   816 | D:5      | Reached skill level 2 in Axes
   816 | D:5      | Reached skill level 2 in Maces & Flails
   816 | D:5      | Reached skill level 2 in Polearms
   816 | D:5      | Reached skill level 2 in Staves
   816 | D:5      | Reached skill level 2 in Slings
   816 | D:5      | Reached skill level 2 in Bows
   816 | D:5      | Reached skill level 2 in Crossbows
   816 | D:5      | Reached skill level 2 in Throwing
   816 | D:5      | Reached skill level 2 in Armour
   816 | D:5      | Reached skill level 2 in Shields
   816 | D:5      | Reached skill level 2 in Unarmed Combat
   816 | D:5      | Reached skill level 2 in Evocations
   937 | D:4      | Reached XP level 7. HP: 33/50 MP: 13/15
  1016 | D:4      | Reached skill level 2 in Hexes
  1016 | D:4      | Reached skill level 2 in Charms
  1016 | D:4      | Reached skill level 2 in Summonings
  1016 | D:4      | Reached skill level 2 in Necromancy
  1016 | D:4      | Reached skill level 2 in Translocations
  1016 | D:4      | Reached skill level 2 in Transmutations
  1016 | D:4      | Reached skill level 2 in Ice Magic
  1016 | D:4      | Reached skill level 2 in Air Magic
  1016 | D:4      | Reached skill level 2 in Earth Magic
  1016 | D:4      | Reached skill level 2 in Poison Magic
  1064 | D:5      | Found a staircase to the Ecumenical Temple.
  1071 | Temple   | Entered the Ecumenical Temple
  1098 | Temple   | Became a worshipper of Cheibriados the Contemplative
  1139 | D:5      | Noticed Edmund
  1144 | D:5      | Reached skill level 3 in Conjurations
  1198 | D:5      | Reached skill level 5 in Stealth
  1245 | D:5      | Killed Edmund
  1245 | D:5      | Reached skill level 3 in Invocations
  1400 | D:6      | Reached XP level 8. HP: 17/57 MP: 14/16
  1409 | D:6      | Reached skill level 6 in Fire Magic
  1532 | D:7      | Found Ginwukuta's Antique Weapon Boutique.
  1546 | D:7      | Reached skill level 3 in Fighting
  1546 | D:7      | Reached skill level 3 in Short Blades
  1546 | D:7      | Reached skill level 3 in Long Blades
  1546 | D:7      | Reached skill level 3 in Axes
  1546 | D:7      | Reached skill level 3 in Maces & Flails
  1546 | D:7      | Reached skill level 3 in Polearms
  1546 | D:7      | Reached skill level 3 in Staves
  1546 | D:7      | Reached skill level 3 in Slings
  1546 | D:7      | Reached skill level 3 in Bows
  1546 | D:7      | Reached skill level 3 in Crossbows
  1546 | D:7      | Reached skill level 3 in Throwing
  1546 | D:7      | Reached skill level 3 in Armour
  1546 | D:7      | Reached skill level 3 in Shields
  1546 | D:7      | Reached skill level 3 in Unarmed Combat
  1546 | D:7      | Reached skill level 3 in Evocations
  1552 | D:7      | Reached skill level 6 in Spellcasting
  1626 | D:7      | Reached * piety under Cheibriados
  1659 | D:7      | Reached skill level 3 in Hexes
  1659 | D:7      | Reached skill level 3 in Charms
  1659 | D:7      | Reached skill level 3 in Summonings
  1659 | D:7      | Reached skill level 3 in Necromancy
  1659 | D:7      | Reached skill level 3 in Translocations
  1659 | D:7      | Reached skill level 3 in Transmutations
  1659 | D:7      | Reached skill level 3 in Ice Magic
  1659 | D:7      | Reached skill level 3 in Air Magic
  1659 | D:7      | Reached skill level 3 in Earth Magic
  1659 | D:7      | Reached skill level 3 in Poison Magic
  1659 | D:7      | Reached skill level 4 in Invocations
  1679 | D:7      | Learned a level 3 spell: Confuse
  1744 | D:6      | Reached skill level 6 in Dodging
  1744 | D:6      | Reached XP level 9. HP: 53/65 MP: 18/18
  1759 | D:7      | Noticed Pikel
  1772 | D:7      | Killed Pikel
  1772 | D:7      | Reached skill level 4 in Fighting
  1772 | D:7      | Reached skill level 4 in Short Blades
  1772 | D:7      | Reached skill level 4 in Long Blades
  1772 | D:7      | Reached skill level 4 in Axes
  1772 | D:7      | Reached skill level 4 in Maces & Flails
  1772 | D:7      | Reached skill level 4 in Polearms
  1772 | D:7      | Reached skill level 4 in Staves
  1772 | D:7      | Reached skill level 4 in Slings
  1772 | D:7      | Reached skill level 4 in Bows
  1772 | D:7      | Reached skill level 4 in Crossbows
  1772 | D:7      | Reached skill level 4 in Throwing
  1772 | D:7      | Reached skill level 4 in Armour
  1772 | D:7      | Reached skill level 4 in Shields
  1772 | D:7      | Reached skill level 4 in Unarmed Combat
  1772 | D:7      | Reached skill level 4 in Conjurations
  1772 | D:7      | Reached skill level 4 in Evocations
  1822 | D:7      | Reached skill level 6 in Stealth
  2017 | D:5      | Noticed Blork the orc
  2057 | D:6      | Reached ** piety under Cheibriados
  2096 | D:6      | Reached skill level 5 in Invocations
  2189 | D:8      | Reached skill level 7 in Spellcasting
  2189 | D:8      | Reached XP level 10. HP: 70/73 MP: 12/20
  2196 | D:8      | Reached skill level 4 in Hexes
  2196 | D:8      | Reached skill level 4 in Charms
  2196 | D:8      | Reached skill level 4 in Summonings
  2196 | D:8      | Reached skill level 4 in Necromancy
  2196 | D:8      | Reached skill level 4 in Translocations
  2196 | D:8      | Reached skill level 4 in Transmutations
  2196 | D:8      | Reached skill level 4 in Ice Magic
  2196 | D:8      | Reached skill level 4 in Air Magic
  2196 | D:8      | Reached skill level 4 in Earth Magic
  2196 | D:8      | Reached skill level 4 in Poison Magic
  2254 | D:8      | Reached skill level 5 in Fighting
  2254 | D:8      | Reached skill level 5 in Short Blades
  2254 | D:8      | Reached skill level 5 in Long Blades
  2254 | D:8      | Reached skill level 5 in Axes
  2254 | D:8      | Reached skill level 5 in Maces & Flails
  2254 | D:8      | Reached skill level 5 in Polearms
  2254 | D:8      | Reached skill level 5 in Staves
  2254 | D:8      | Reached skill level 5 in Slings
  2254 | D:8      | Reached skill level 5 in Bows
  2254 | D:8      | Reached skill level 5 in Crossbows
  2254 | D:8      | Reached skill level 5 in Throwing
  2254 | D:8      | Reached skill level 5 in Armour
  2254 | D:8      | Reached skill level 5 in Shields
  2254 | D:8      | Reached skill level 5 in Unarmed Combat
  2254 | D:8      | Reached skill level 5 in Evocations
  2354 | D:9      | Reached *** piety under Cheibriados
  2402 | D:9      | Reached skill level 7 in Fire Magic
  2467 | D:9      | Reached skill level 7 in Dodging
  2555 | D:9      | Reached **** piety under Cheibriados
  2561 | D:9      | Upgraded the game from 0.21.0-25-ge575cb9 to 0.21.0-26-g889b8f6
  2689 | D:9      | Found a white marble altar of Elyvilon.
  2719 | D:9      | Found a staircase to the Lair.
  2728 | Lair:1   | Entered Level 1 of the Lair of Beasts
  2749 | Lair:1   | Identified the +4 trident "Pendulum" {pierce, rN++ Dex-2} (You found it on level 1 of the Lair of Beasts)
  2773 | Lair:1   | Reached skill level 5 in Conjurations
  2803 | Lair:1   | Reached skill level 6 in Invocations
  2809 | Lair:1   | Reached skill level 7 in Stealth
  2853 | Lair:1   | Noticed a four-headed hydra
  2878 | Lair:2   | Reached XP level 11. HP: 54/81 MP: 15/22
  2943 | Lair:3   | Noticed an eight-headed hydra
  2956 | Lair:3   | Killed an eight-headed hydra
  3002 | Lair:2   | Reached skill level 6 in Fighting
  3002 | Lair:2   | Reached skill level 6 in Short Blades
  3002 | Lair:2   | Reached skill level 6 in Long Blades
  3002 | Lair:2   | Reached skill level 6 in Axes
  3002 | Lair:2   | Reached skill level 6 in Maces & Flails
  3002 | Lair:2   | Reached skill level 6 in Polearms
  3002 | Lair:2   | Reached skill level 6 in Staves
  3002 | Lair:2   | Reached skill level 6 in Slings
  3002 | Lair:2   | Reached skill level 6 in Bows
  3002 | Lair:2   | Reached skill level 6 in Crossbows
  3002 | Lair:2   | Reached skill level 6 in Throwing
  3002 | Lair:2   | Reached skill level 6 in Armour
  3002 | Lair:2   | Reached skill level 6 in Shields
  3002 | Lair:2   | Reached skill level 6 in Unarmed Combat
  3002 | Lair:2   | Reached skill level 6 in Evocations
  3015 | Lair:3   | Reached skill level 5 in Hexes
  3015 | Lair:3   | Reached skill level 5 in Charms
  3015 | Lair:3   | Reached skill level 5 in Summonings
  3015 | Lair:3   | Reached skill level 5 in Necromancy
  3015 | Lair:3   | Reached skill level 5 in Translocations
  3015 | Lair:3   | Reached skill level 5 in Transmutations
  3015 | Lair:3   | Reached skill level 5 in Ice Magic
  3015 | Lair:3   | Reached skill level 5 in Air Magic
  3015 | Lair:3   | Reached skill level 5 in Earth Magic
  3015 | Lair:3   | Reached skill level 5 in Poison Magic
  3020 | Lair:3   | Reached skill level 8 in Spellcasting
  3235 | Lair:3   | Learned a level 4 spell: Summon Lightning Spire
  3241 | Lair:3   | Learned a level 5 spell: Fireball
  3303 | Lair:5   | Noticed a seven-headed hydra
  3311 | Lair:5   | HP: 7/81 [seven-headed hydra (7)]
  3313 | Lair:5   | Killed a seven-headed hydra
  3380 | Lair:4   | Found a staircase to the Snake Pit.
  3435 | Lair:4   | Reached ***** piety under Cheibriados
  3435 | Lair:4   | Reached skill level 7 in Invocations
  3449 | Lair:4   | Reached skill level 8 in Dodging
  3602 | Lair:6   | Entered Level 6 of the Lair of Beasts
  3627 | Lair:6   | Got a bloodstained morningstar
  3628 | Lair:6   | Identified the +7 morningstar "Vyrredoj" {flame, Dex+3} (You found it on level 6 of the Lair of Beasts)
  3690 | Lair:5   | Reached skill level 6 in Conjurations
  3691 | Lair:5   | Reached skill level 8 in Stealth
  3691 | Lair:5   | Reached XP level 12. HP: 81/89 MP: 0/24
  3743 | Lair:5   | Reached skill level 8 in Fire Magic
  3755 | Lair:5   | Reached skill level 7 in Fighting
  3755 | Lair:5   | Reached skill level 7 in Short Blades
  3755 | Lair:5   | Reached skill level 7 in Long Blades
  3755 | Lair:5   | Reached skill level 7 in Axes
  3755 | Lair:5   | Reached skill level 7 in Maces & Flails
  3755 | Lair:5   | Reached skill level 7 in Polearms
  3755 | Lair:5   | Reached skill level 7 in Staves
  3755 | Lair:5   | Reached skill level 7 in Slings
  3755 | Lair:5   | Reached skill level 7 in Bows
  3755 | Lair:5   | Reached skill level 7 in Crossbows
  3755 | Lair:5   | Reached skill level 7 in Throwing
  3755 | Lair:5   | Reached skill level 7 in Armour
  3755 | Lair:5   | Reached skill level 7 in Shields
  3755 | Lair:5   | Reached skill level 7 in Unarmed Combat
  3755 | Lair:5   | Reached skill level 7 in Evocations
  3877 | Lair:5   | Found a staircase to the Slime Pits.
  3883 | Lair:5   | Noticed an eight-headed hydra
  3889 | Lair:5   | Killed an eight-headed hydra
  3948 | Lair:6   | Noticed an eight-headed hydra
  4008 | Lair:6   | Reached skill level 6 in Hexes
  4008 | Lair:6   | Reached skill level 6 in Charms
  4008 | Lair:6   | Reached skill level 6 in Summonings
  4008 | Lair:6   | Reached skill level 6 in Necromancy
  4008 | Lair:6   | Reached skill level 6 in Translocations
  4008 | Lair:6   | Reached skill level 6 in Transmutations
  4008 | Lair:6   | Reached skill level 6 in Ice Magic
  4008 | Lair:6   | Reached skill level 6 in Air Magic
  4008 | Lair:6   | Reached skill level 6 in Earth Magic
  4008 | Lair:6   | Reached skill level 6 in Poison Magic
  4101 | Lair:6   | Found a runed door.
  4129 | Lair:6   | Reached skill level 8 in Invocations
  4141 | Lair:6   | Reached skill level 9 in Spellcasting
  4150 | Lair:6   | HP: 1/91 [torpor snail (18)]
  4185 | Lair:6   | HP: 3/91 [lindwurm/blast of flame (13)]
  4242 | Lair:6   | Paralysed by a hornet for 3 turns
  4331 | Lair:6   | Noticed an ice dragon
  4360 | Lair:6   | Killed an ice dragon
  4360 | Lair:6   | Reached skill level 9 in Dodging
  4555 | Lair:1   | Reached XP level 13. HP: 78/98 MP: 22/26
  4579 | Lair:1   | Got a brightly glowing rapier
  4609 | Lair:1   | Identified the +10 rapier "Weniehyi" {venom, rElec Str+2 SInv} (You found it on level 1 of the Lair of Beasts)
  4658 | D:10     | Entered Level 10 of the Dungeon
  4683 | D:11     | Found a labyrinth entrance.
  4730 | Lab      | Entered a labyrinth
  5290 | Lab      | Noticed a minotaur
  5294 | Lab      | Killed a minotaur
  5294 | Lab      | Reached skill level 9 in Stealth
  5296 | Lab      | Got a spiked plate armour
  5329 | D:11     | Reached skill level 7 in Conjurations
  5374 | D:10     | Reached skill level 8 in Fighting
  5374 | D:10     | Reached skill level 8 in Short Blades
  5374 | D:10     | Reached skill level 8 in Long Blades
  5374 | D:10     | Reached skill level 8 in Axes
  5374 | D:10     | Reached skill level 8 in Maces & Flails
  5374 | D:10     | Reached skill level 8 in Polearms
  5374 | D:10     | Reached skill level 8 in Staves
  5374 | D:10     | Reached skill level 8 in Slings
  5374 | D:10     | Reached skill level 8 in Bows
  5374 | D:10     | Reached skill level 8 in Crossbows
  5374 | D:10     | Reached skill level 8 in Throwing
  5374 | D:10     | Reached skill level 8 in Armour
  5374 | D:10     | Reached skill level 8 in Shields
  5374 | D:10     | Reached skill level 8 in Unarmed Combat
  5374 | D:10     | Reached skill level 8 in Evocations
  5426 | D:9      | Noticed Maurice
  5430 | D:9      | Killed Maurice
  5716 | D:9      | Noticed Erica
  5727 | D:9      | Killed Erica
  5769 | D:11     | Reached ****** piety under Cheibriados
  5807 | D:11     | Found a staircase to the Orcish Mines.
  5817 | Orc:1    | Entered Level 1 of the Orcish Mines
  5819 | Orc:1    | Found a flagged portal.
  5846 | Bailey   | Entered a bailey
  5924 | Bailey   | Reached skill level 9 in Invocations
  5999 | Bailey   | Identified the cursed +1 plate armour of the Morning {Str+4} (You took it off a minotaur in a labyrinth)
  6052 | Orc:1    | Noticed a stone giant
  6075 | Orc:1    | Killed a stone giant
  6075 | Orc:1    | Reached skill level 7 in Hexes
  6075 | Orc:1    | Reached skill level 7 in Charms
  6075 | Orc:1    | Reached skill level 7 in Summonings
  6075 | Orc:1    | Reached skill level 7 in Necromancy
  6075 | Orc:1    | Reached skill level 7 in Translocations
  6075 | Orc:1    | Reached skill level 7 in Transmutations
  6075 | Orc:1    | Reached skill level 9 in Fire Magic
  6075 | Orc:1    | Reached skill level 7 in Ice Magic
  6075 | Orc:1    | Reached skill level 7 in Air Magic
  6075 | Orc:1    | Reached skill level 7 in Earth Magic
  6075 | Orc:1    | Reached skill level 7 in Poison Magic
  6136 | Orc:2    | Entered Level 2 of the Orcish Mines
  6197 | Orc:1    | Found a roughly hewn altar of Beogh.
  6276 | Orc:1    | Learned a level 3 spell: Dazzling Spray
  6313 | Orc:2    | Found a frozen archway.
  6380 | Orc:2    | Found a staircase to the Elven Halls.
  6434 | Orc:2    | Noticed an orc warlord
  6442 | Orc:2    | Reached skill level 10 in Spellcasting
  6450 | Orc:2    | Killed an orc warlord
  6450 | Orc:2    | Reached XP level 14. HP: 55/106 MP: 7/28
  6468 | Orc:2    | Reached skill level 10 in Dodging
  6569 | Orc:2    | Found Giat's Antique Armour Boutique.
  6576 | Orc:2    | Found Caybeid's Antique Weapon Boutique.
  6578 | Orc:2    | Found Effenlya's General Store.
  6578 | Orc:2    | Found Couwoe's Jewellery Shop.
  6594 | Orc:2    | Bought the ring "Qaty" {rElec MR++ MP+9 Int-2 Dex+4} for 745 gold pieces
  6594 | Orc:2    | Bought an uncursed ring of poison resistance for 320 gold pieces
  6604 | Orc:2    | Bought a +0 pair of gloves for 58 gold pieces
  6617 | Orc:2    | Bought a distressingly furry cloak for 323 gold pieces
  6627 | Orc:2    | Identified the +2 cloak "Zoceoxap" {rElec Regen+ rCorr Dex-5} (You bought it in a shop on level 2 of the Orcish Mines)
  6635 | Orc:2    | Bought a potion of flight for 39 gold pieces
  6635 | Orc:2    | Bought a potion of brilliance for 52 gold pieces
  6635 | Orc:2    | Bought a potion of mutation for 104 gold pieces
  6635 | Orc:2    | Bought a scroll of remove curse for 39 gold pieces
  6666 | Elf:1    | Entered Level 1 of the Elven Halls
  6680 | Elf:1    | Reached skill level 9 in Fighting
  6680 | Elf:1    | Reached skill level 9 in Short Blades
  6680 | Elf:1    | Reached skill level 9 in Long Blades
  6680 | Elf:1    | Reached skill level 9 in Axes
  6680 | Elf:1    | Reached skill level 9 in Maces & Flails
  6680 | Elf:1    | Reached skill level 9 in Polearms
  6680 | Elf:1    | Reached skill level 9 in Staves
  6680 | Elf:1    | Reached skill level 9 in Slings
  6680 | Elf:1    | Reached skill level 9 in Bows
  6680 | Elf:1    | Reached skill level 9 in Crossbows
  6680 | Elf:1    | Reached skill level 9 in Throwing
  6680 | Elf:1    | Reached skill level 9 in Armour
  6680 | Elf:1    | Reached skill level 9 in Shields
  6680 | Elf:1    | Reached skill level 9 in Unarmed Combat
  6680 | Elf:1    | Reached skill level 9 in Evocations
  6690 | Elf:1    | Found Namenico's Gadget Boutique.
  6695 | Elf:1    | Found Qodgh's Jewellery Shoppe.
  6696 | Elf:1    | Found Gail's Gadget Boutique.
  6722 | Elf:1    | Noticed Frances
  6724 | Elf:1    | Reached skill level 10 in Stealth
  6730 | Elf:1    | Killed Frances
  6738 | Elf:1    | Reached skill level 8 in Conjurations
  6763 | Elf:1    | Reached skill level 10 in Invocations
  6796 | Elf:3    | Entered Level 3 of the Elven Halls
  6940 | Elf:3    | Noticed a deep elf elementalist
  6948 | Elf:3    | Killed a deep elf elementalist
  6998 | Elf:3    | Noticed a deep elf annihilator
  7000 | Elf:3    | Noticed a deep elf elementalist
  7002 | Elf:3    | Killed a deep elf annihilator
  7005 | Elf:3    | Noticed a deep elf sorcerer
  7008 | Elf:3    | Noticed a deep elf blademaster
  7009 | Elf:3    | Noticed Donald
  7010 | Elf:3    | Noticed a deep elf annihilator
  7010 | Elf:3    | Noticed a deep elf elementalist
  7010 | Elf:3    | Noticed a deep elf sorcerer
  7012 | Elf:3    | Noticed a deep elf sorcerer
  7012 | Elf:3    | Killed a deep elf blademaster
  7012 | Elf:3    | Killed a deep elf elementalist
  7012 | Elf:3    | Killed a deep elf sorcerer
  7012 | Elf:3    | Reached skill level 8 in Hexes
  7012 | Elf:3    | Reached skill level 8 in Charms
  7012 | Elf:3    | Reached skill level 8 in Summonings
  7012 | Elf:3    | Reached skill level 8 in Necromancy
  7012 | Elf:3    | Reached skill level 8 in Translocations
  7012 | Elf:3    | Reached skill level 8 in Transmutations
  7012 | Elf:3    | Reached skill level 8 in Ice Magic
  7012 | Elf:3    | Reached skill level 8 in Air Magic
  7012 | Elf:3    | Reached skill level 8 in Earth Magic
  7012 | Elf:3    | Reached skill level 8 in Poison Magic
  7013 | Elf:3    | Noticed a deep elf demonologist
  7015 | Elf:3    | Noticed a deep elf sorcerer
  7017 | Elf:3    | Noticed a deep elf master archer
  7019 | Elf:3    | Noticed a deep elf elementalist
  7020 | Elf:3    | Reached XP level 15. HP: 66/114 MP: 29/29
  7021 | Elf:3    | Killed Donald
  7021 | Elf:3    | Killed a deep elf sorcerer
  7022 | Elf:3    | Killed a deep elf sorcerer
  7022 | Elf:3    | Killed a deep elf sorcerer
  7023 | Elf:3    | Noticed a deep elf blademaster
  7023 | Elf:3    | Killed a deep elf elementalist
  7023 | Elf:3    | Killed a deep elf master archer
  7025 | Elf:3    | Killed a deep elf elementalist
  7025 | Elf:3    | Reached skill level 11 in Spellcasting
  7025 | Elf:3    | Killed a deep elf blademaster
  7025 | Elf:3    | Reached skill level 10 in Fire Magic
  7026 | Elf:3    | Noticed a deep elf sorcerer
  7026 | Elf:3    | Reached skill level 10 in Fighting
  7026 | Elf:3    | Reached skill level 10 in Short Blades
  7026 | Elf:3    | Reached skill level 10 in Long Blades
  7026 | Elf:3    | Reached skill level 10 in Axes
  7026 | Elf:3    | Reached skill level 10 in Maces & Flails
  7026 | Elf:3    | Reached skill level 10 in Polearms
  7026 | Elf:3    | Reached skill level 10 in Staves
  7026 | Elf:3    | Reached skill level 10 in Slings
  7026 | Elf:3    | Reached skill level 10 in Bows
  7026 | Elf:3    | Reached skill level 10 in Crossbows
  7026 | Elf:3    | Reached skill level 10 in Throwing
  7026 | Elf:3    | Reached skill level 10 in Armour
  7026 | Elf:3    | Reached skill level 10 in Shields
  7026 | Elf:3    | Reached skill level 10 in Unarmed Combat
  7026 | Elf:3    | Reached skill level 10 in Evocations
  7031 | Elf:3    | Killed a deep elf sorcerer
  7034 | Elf:3    | Reached skill level 11 in Dodging
  7038 | Elf:3    | Noticed a deep elf elementalist
  7042 | Elf:3    | Killed a deep elf elementalist
  7051 | Elf:3    | Noticed a deep elf elementalist
  7052 | Elf:3    | Noticed a deep elf sorcerer
  7052 | Elf:3    | Reached skill level 11 in Invocations
  7054 | Elf:3    | Noticed a deep elf sorcerer
  7055 | Elf:3    | Noticed a balrug
  7068 | Elf:3    | Noticed a deep elf sorcerer
  7068 | Elf:3    | Noticed a deep elf elementalist
  7070 | Elf:3    | Noticed a deep elf elementalist
  7102 | Elf:3    | Killed a deep elf sorcerer
  7128 | Elf:3    | Reached skill level 11 in Stealth
  7193 | Elf:3    | Reached skill level 9 in Conjurations
  7204 | Elf:3    | Reached XP level 16. HP: 122/122 MP: 27/31
  7290 | Elf:3    | Learned a level 1 spell: Apportation
  7309 | Elf:3    | Found the cursed +14 obsidian axe {chop, +Fly SInv *Curse}
  7315 | Elf:3    | Noticed a Brimstone Fiend
  7316 | Elf:3    | Reached skill level 9 in Hexes
  7316 | Elf:3    | Reached skill level 9 in Charms
  7316 | Elf:3    | Reached skill level 9 in Summonings
  7316 | Elf:3    | Reached skill level 9 in Necromancy
  7316 | Elf:3    | Reached skill level 9 in Translocations
  7316 | Elf:3    | Reached skill level 9 in Transmutations
  7316 | Elf:3    | Reached skill level 9 in Ice Magic
  7316 | Elf:3    | Reached skill level 9 in Air Magic
  7316 | Elf:3    | Reached skill level 9 in Earth Magic
  7316 | Elf:3    | Reached skill level 9 in Poison Magic
  7337 | Elf:3    | Identified Sif Muna's Disquisition on the Lethal Arsonist
  7340 | Elf:3    | Identified Sif Muna's Papyrus of Earthen Fire
  7357 | Elf:3    | Learned a level 6 spell: Statue Form
  7364 | Elf:3    | Learned a level 5 spell: Irradiate
  7368 | Elf:3    | Got a smoking iron ring
  7377 | Elf:3    | Identified the ring "Xamikidgh" {Wiz rC+} (You found it on level 3 of the Elven Halls)
  7465 | Elf:3    | Learned a level 5 spell: Lee's Rapid Deconstruction
  7594 | Elf:1    | Bought a wand of clouds (5) for 432 gold pieces
  7831 | Lair:2   | Noticed Prince Ribbit
  7843 | Lair:2   | Killed Prince Ribbit
  7898 | Lair:2   | Found a staircase to the Shoals.
  7907 | Shoals:1 | Entered Level 1 of the Shoals
  8162 | Shoals:4 | Entered Level 4 of the Shoals
  8187 | Shoals:4 | Reached skill level 11 in Fighting
  8187 | Shoals:4 | Reached skill level 11 in Short Blades
  8187 | Shoals:4 | Reached skill level 11 in Long Blades
  8187 | Shoals:4 | Reached skill level 11 in Axes
  8187 | Shoals:4 | Reached skill level 11 in Maces & Flails
  8187 | Shoals:4 | Reached skill level 11 in Polearms
  8187 | Shoals:4 | Reached skill level 11 in Staves
  8187 | Shoals:4 | Reached skill level 11 in Slings
  8187 | Shoals:4 | Reached skill level 11 in Bows
  8187 | Shoals:4 | Reached skill level 11 in Crossbows
  8187 | Shoals:4 | Reached skill level 11 in Throwing
  8187 | Shoals:4 | Reached skill level 11 in Armour
  8187 | Shoals:4 | Reached skill level 11 in Shields
  8187 | Shoals:4 | Reached skill level 11 in Unarmed Combat
  8187 | Shoals:4 | Reached skill level 11 in Evocations
  8220 | Shoals:4 | Found a hide-covered altar of Uskayaw.
  8227 | Shoals:4 | Reached skill level 12 in Spellcasting
  8228 | Shoals:4 | Reached XP level 17. HP: 120/131 MP: 21/33
  8261 | Shoals:4 | Reached skill level 12 in Invocations
  8350 | Shoals:4 | Noticed Ilsuiw
  8355 | Shoals:4 | Reached skill level 12 in Dodging
  8384 | Shoals:4 | Killed Ilsuiw
  8394 | Shoals:4 | Learned a level 1 spell: Summon Butterflies
  8397 | Shoals:4 | Learned a level 2 spell: Sublimation of Blood
  8398 | Shoals:4 | Got a polished dagger {freeze}
  8455 | Shoals:4 | Reached skill level 11 in Fire Magic
  8483 | Shoals:4 | Reached skill level 12 in Stealth
  8526 | Shoals:4 | Reached skill level 10 in Conjurations
  8526 | Shoals:4 | Reached XP level 18. HP: 131/138 MP: 18/34
  8536 | Shoals:4 | Got a barnacled rune of Zot
  8573 | Shoals:3 | Noticed Polyphemus
  8583 | Shoals:3 | Killed Polyphemus
  8588 | Shoals:3 | Reached skill level 10 in Hexes
  8588 | Shoals:3 | Reached skill level 10 in Charms
  8588 | Shoals:3 | Reached skill level 10 in Summonings
  8588 | Shoals:3 | Reached skill level 10 in Necromancy
  8588 | Shoals:3 | Reached skill level 10 in Translocations
  8588 | Shoals:3 | Reached skill level 10 in Transmutations
  8588 | Shoals:3 | Reached skill level 10 in Ice Magic
  8588 | Shoals:3 | Reached skill level 10 in Air Magic
  8588 | Shoals:3 | Reached skill level 10 in Earth Magic
  8588 | Shoals:3 | Reached skill level 10 in Poison Magic
  8652 | Shoals:3 | Learned a level 2 spell: Passwall
  8709 | Lair:2   | You fall through a shaft!
  8739 | Lair:4   | Identified the +4 dagger of Arhi {freeze, rElec Int+2} (You took it off a merfolk aquamancer on level 4 of the Shoals)
  8743 | Snake:1  | Entered Level 1 of the Snake Pit
  9052 | Snake:2  | Reached XP level 19. HP: 146/146 MP: 35/35
  9060 | Snake:2  | Reached skill level 12 in Fighting
  9060 | Snake:2  | Reached skill level 12 in Short Blades
  9060 | Snake:2  | Reached skill level 12 in Long Blades
  9060 | Snake:2  | Reached skill level 12 in Axes
  9060 | Snake:2  | Reached skill level 12 in Maces & Flails
  9060 | Snake:2  | Reached skill level 12 in Polearms
  9060 | Snake:2  | Reached skill level 12 in Staves
  9060 | Snake:2  | Reached skill level 12 in Slings
  9060 | Snake:2  | Reached skill level 12 in Bows
  9060 | Snake:2  | Reached skill level 12 in Crossbows
  9060 | Snake:2  | Reached skill level 12 in Throwing
  9060 | Snake:2  | Reached skill level 12 in Armour
  9060 | Snake:2  | Reached skill level 12 in Shields
  9060 | Snake:2  | Reached skill level 12 in Unarmed Combat
  9060 | Snake:2  | Reached skill level 12 in Evocations
  9154 | Snake:4  | Entered Level 4 of the Snake Pit
  9154 | Snake:4  | Found Rioklan's Gadget Shop.
  9158 | Snake:4  | Bought a wand of acid (6) for 260 gold pieces
  9191 | Snake:3  | Reached skill level 13 in Invocations
  9205 | Snake:4  | Found Rythrut's Antique Armour Emporium.
  9322 | Snake:4  | Reached skill level 13 in Spellcasting
  9393 | Snake:4  | Reached skill level 13 in Dodging
  9496 | Snake:4  | Got a serpentine rune of Zot
  9574 | Snake:3  | Reached skill level 13 in Stealth
  9587 | Snake:3  | Noticed Jorgrun
  9596 | Snake:3  | Killed Jorgrun
  9789 | Slime:1  | Entered Level 1 of the Pits of Slime
  9844 | Slime:3  | Reached skill level 11 in Conjurations
  9850 | Slime:3  | Reached XP level 20. HP: 28/154 MP: 26/37
  9898 | Slime:5  | Entered Level 5 of the Pits of Slime
  9915 | Slime:5  | Reached skill level 12 in Fire Magic
  9941 | Slime:5  | Noticed the Royal Jelly
 10071 | Slime:4  | Reached skill level 11 in Hexes
 10071 | Slime:4  | Reached skill level 11 in Charms
 10071 | Slime:4  | Reached skill level 11 in Summonings
 10071 | Slime:4  | Reached skill level 11 in Necromancy
 10071 | Slime:4  | Reached skill level 11 in Translocations
 10071 | Slime:4  | Reached skill level 11 in Transmutations
 10071 | Slime:4  | Reached skill level 11 in Ice Magic
 10071 | Slime:4  | Reached skill level 11 in Air Magic
 10071 | Slime:4  | Reached skill level 11 in Earth Magic
 10071 | Slime:4  | Reached skill level 11 in Poison Magic
 10203 | Slime:5  | Found a viscous altar of Jiyva.
 10258 | Slime:5  | Killed the Royal Jelly
 10258 | Slime:5  | Reached skill level 13 in Fighting
 10258 | Slime:5  | Reached skill level 13 in Short Blades
 10258 | Slime:5  | Reached skill level 13 in Long Blades
 10258 | Slime:5  | Reached skill level 13 in Axes
 10258 | Slime:5  | Reached skill level 13 in Maces & Flails
 10258 | Slime:5  | Reached skill level 13 in Polearms
 10258 | Slime:5  | Reached skill level 13 in Staves
 10258 | Slime:5  | Reached skill level 13 in Slings
 10258 | Slime:5  | Reached skill level 13 in Bows
 10258 | Slime:5  | Reached skill level 13 in Crossbows
 10258 | Slime:5  | Reached skill level 13 in Throwing
 10258 | Slime:5  | Reached skill level 13 in Armour
 10258 | Slime:5  | Reached skill level 13 in Shields
 10258 | Slime:5  | Reached skill level 13 in Unarmed Combat
 10258 | Slime:5  | Reached skill level 14 in Invocations
 10258 | Slime:5  | Reached skill level 13 in Evocations
 10284 | Slime:5  | Got a pitted garnet amulet
 10287 | Slime:5  | Identified the amulet "Sisuecis" {MR+ Regen+ Int+4} (You found it on level 5 of the Pits of Slime)
 10294 | Slime:5  | Got a warped hand axe
 10296 | Slime:5  | Identified the +8 hand axe "Hiagut" {protect, Dex+3} (You found it on level 5 of the Pits of Slime)
 10301 | Slime:5  | Got a bloodstained morningstar
 10302 | Slime:5  | Identified the +3 morningstar "Gymucw" {crush, rN+ MR+ Str+2} (You found it on level 5 of the Pits of Slime)
 10312 | Slime:5  | Identified Ximnuisk's Incunabulum of the Boosting Entourage
 10322 | Slime:5  | Identified the Grimoire of Attacks
 10366 | Slime:5  | Learned a level 3 spell: Lesser Beckoning
 10367 | Slime:5  | Got a slimy rune of Zot
 10736 | D:14     | Found Lusoy's Jewellery Emporium.
 10756 | D:15     | Entered Level 15 of the Dungeon
 10903 | D:14     | Found a gate to the Vaults.
 10946 | Vaults:1 | Entered Level 1 of the Vaults
 11067 | Vaults:1 | Reached XP level 21. HP: 162/162 MP: 38/38
 11088 | Vaults:2 | Reached skill level 14 in Spellcasting
 11112 | Vaults:2 | Found a staircase to the Crypt.
 11125 | Crypt:1  | Entered Level 1 of the Crypt
 11145 | Crypt:1  | Reached skill level 14 in Dodging
 11281 | Crypt:1  | Learned a level 8 spell: Ignition
 11359 | Crypt:1  | Learned a level 2 spell: Sticks to Snakes
 11461 | Crypt:3  | Entered Level 3 of the Crypt
 11467 | Crypt:3  | Reached skill level 14 in Stealth
 11481 | Crypt:3  | Reached skill level 14 in Unarmed Combat
 11626 | Crypt:3  | Noticed a curse toe
 11626 | Crypt:3  | Got a fine silver ring
 11628 | Crypt:3  | Noticed a bone dragon
 11634 | Crypt:3  | Killed a curse toe
 11641 | Crypt:3  | Killed a bone dragon
 11645 | Crypt:3  | Identified the ring "Xeokh" {rElec rPois rN+ Int+4 Slay+3} (You took it off a vampire mage on level 3 of the Crypt)
 11659 | Crypt:3  | Noticed an ancient lich
 11659 | Crypt:3  | Noticed an ancient lich
 11712 | Crypt:3  | Killed an ancient lich
 11712 | Crypt:3  | Reached skill level 12 in Conjurations
 11715 | Crypt:3  | Killed an ancient lich
 11731 | Crypt:3  | Lost mutation: You have a pair of small antennae on your head. [potion of mutation]
 11731 | Crypt:3  | Lost mutation: Your flesh is cold resistant. (rC+) [potion of mutation]
 11731 | Crypt:3  | Gained mutation: You have a somewhat thin skeletal structure. (Dex +2, Stealth) [potion of mutation]
 11731 | Crypt:3  | Gained mutation: Your flesh is heat resistant. (rF+) [potion of mutation]
 11733 | Crypt:3  | Identified the ring "Zuxoaloe" {*Drain rPois rN+ Dex+6 Slay+2} (You found it on level 3 of the Crypt)
 11734 | Crypt:3  | Got a heavily runed golden ring
 11736 | Crypt:3  | Identified the ring "Rinown" {rN+ Str+2} (You found it on level 3 of the Crypt)
 11742 | Crypt:3  | Noticed an ancient lich
 11742 | Crypt:3  | Noticed an ancient lich
 11756 | Crypt:3  | Killed an ancient lich
 11756 | Crypt:3  | Reached XP level 22. HP: 105/171 MP: 29/40
 11757 | Crypt:3  | Killed an ancient lich
 11763 | Crypt:3  | Reached skill level 15 in Invocations
 11771 | Crypt:3  | Reached skill level 12 in Hexes
 11771 | Crypt:3  | Reached skill level 12 in Charms
 11771 | Crypt:3  | Reached skill level 12 in Summonings
 11771 | Crypt:3  | Reached skill level 12 in Necromancy
 11771 | Crypt:3  | Reached skill level 12 in Translocations
 11771 | Crypt:3  | Reached skill level 12 in Transmutations
 11771 | Crypt:3  | Reached skill level 13 in Fire Magic
 11771 | Crypt:3  | Reached skill level 12 in Ice Magic
 11771 | Crypt:3  | Reached skill level 12 in Air Magic
 11771 | Crypt:3  | Reached skill level 12 in Earth Magic
 11771 | Crypt:3  | Reached skill level 12 in Poison Magic
 11961 | Crypt:3  | Found a staircase to the Tomb.
 11979 | Tomb:1   | Entered Level 1 of the Tomb of the Ancients
 12068 | Tomb:1   | Reached skill level 14 in Fighting
 12068 | Tomb:1   | Reached skill level 14 in Short Blades
 12068 | Tomb:1   | Reached skill level 14 in Long Blades
 12068 | Tomb:1   | Reached skill level 14 in Axes
 12068 | Tomb:1   | Reached skill level 14 in Maces & Flails
 12068 | Tomb:1   | Reached skill level 14 in Polearms
 12068 | Tomb:1   | Reached skill level 14 in Staves
 12068 | Tomb:1   | Reached skill level 14 in Slings
 12068 | Tomb:1   | Reached skill level 14 in Bows
 12068 | Tomb:1   | Reached skill level 14 in Crossbows
 12068 | Tomb:1   | Reached skill level 14 in Throwing
 12068 | Tomb:1   | Reached skill level 14 in Armour
 12068 | Tomb:1   | Reached skill level 14 in Shields
 12068 | Tomb:1   | Reached skill level 14 in Evocations
 12108 | Tomb:1   | Reached skill level 15 in Unarmed Combat
 12204 | Tomb:1   | Noticed a greater mummy
 12204 | Tomb:1   | Noticed a greater mummy
 12205 | Tomb:1   | Noticed a greater mummy
 12241 | Tomb:1   | HP: 19/223 [lich/crystal spear (23)]
 12302 | Tomb:1   | Noticed a greater mummy
 12305 | Tomb:1   | Noticed a greater mummy
 12313 | Tomb:1   | Noticed a greater mummy
 12313 | Tomb:1   | Killed a greater mummy
 12315 | Tomb:1   | HP: 15/223 [greater mummy/divine providence (13)]
 12315 | Tomb:1   | HP: 1/223 [greater mummy (14)]
 12316 | Tomb:1   | Slain by a skeletal warrior

Skill      XL: |  1  2  3  4  5  6  7  8  9 10 11 12 13 14 15 16 17 18 19 20 21 22 |
---------------+-------------------------------------------------------------------+-----
Conjurations   | 2 3 4 5 6 7 8 9 10 11 12 | 12.4
Spellcasting   | 5 6 7 8 9 10 11 12 13 14 | 14.8
Invocations    | 1 2 3 4 5 6 7 8 9 10 11 12 13 14 15 | 15.3
Fighting       | 1 2 3 4 5 6 7 8 9 10 11 12 13 14 | 14.2
Short Blades   | 1 2 3 4 5 6 7 8 9 10 11 12 13 14 | 14.2
Long Blades    | 1 2 3 4 5 6 7 8 9 10 11 12 13 14 | 14.2
Axes           | 1 2 3 4 5 6 7 8 9 10 11 12 13 14 | 14.2
Maces & Flails | 1 2 3 4 5 6 7 8 9 10 11 12 13 14 | 14.2
Polearms       | 1 2 3 4 5 6 7 8 9 10 11 12 13 14 | 14.2
Staves         | 1 2 3 4 5 6 7 8 9 10 11 12 13 14 | 14.2
Slings         | 1 2 3 4 5 6 7 8 9 10 11 12 13 14 | 14.2
Bows           | 1 2 3 4 5 6 7 8 9 10 11 12 13 14 | 14.2
Crossbows      | 1 2 3 4 5 6 7 8 9 10 11 12 13 14 | 14.2
Throwing       | 1 2 3 4 5 6 7 8 9 10 11 12 13 14 | 14.2
Armour         | 1 2 3 4 5 6 7 8 9 10 11 12 13 14 | 14.2
Shields        | 1 2 3 4 5 6 7 8 9 10 11 12 13 14 | 14.2
Unarmed Combat | 1 2 3 4 5 6 7 8 9 10 11 12 13 14 15 | 15.2
Evocations     | 1 2 3 4 5 6 7 8 9 10 11 12 13 14 | 14.2
Hexes          | 1 2 3 4 5 6 7 8 9 10 11 12 | 12.2
Charms         | 1 2 3 4 5 6 7 8 9 10 11 12 | 12.2
Summonings     | 1 2 3 4 5 6 7 8 9 10 11 12 | 12.2
Necromancy     | 1 2 3 4 5 6 7 8 9 10 11 12 | 12.2
Translocations | 1 2 3 4 5 6 7 8 9 10 11 12 | 12.2
Transmutations | 1 2 3 4 5 6 7 8 9 10 11 12 | 12.2
Ice Magic      | 1 2 3 4 5 6 7 8 9 10 11 12 | 12.2
Air Magic      | 1 2 3 4 5 6 7 8 9 10 11 12 | 12.2
Earth Magic    | 1 2 3 4 5 6 7 8 9 10 11 12 | 12.2
Poison Magic   | 1 2 3 4 5 6 7 8 9 10 11 12 | 12.2
Dodging        | 5 6 7 8 9 10 11 12 13 14 | 14.7
Stealth        | 5 6 7 8 9 10 11 12 13 14 | 14.6
Fire Magic     | 6 7 8 9 10 11 12 13 | 13.2

Action                   |  1- 3 |  4- 6 |  7- 9 | 10-12 | 13-15 | 16-18 | 19-21 | 22-24 || total
-------------------------+-------+-------+-------+-------+-------+-------+-------+-------++-------
Melee: Unarmed           |    10 |     6 |     8 |       |       |   141 |       |       ||   165
       Bite              |     2 |     1 |    20 |    36 |    64 |    57 |   140 |    28 ||   348
       Club              |    12 |       |       |       |       |       |       |       ||    12
       Dagger            |     1 |    31 |   188 |    34 |       |       |       |       ||   254
       Punch             |       |       |     7 |    15 |     1 |       |       |       ||    23
       Whip              |       |       |    48 |   114 |       |       |       |       ||   162
       Morningstar       |       |       |       |    58 |     3 |       |       |       ||    61
       Rapier            |       |       |       |       |   306 |   199 |   450 |       ||   955
       Broad axe         |       |       |       |       |       |       |   201 |   134 ||   335
Throw: Tomahawk          |       |       |       |       |     3 |     3 |       |       ||     6
       Throwing net      |       |       |       |       |       |       |     3 |     3 ||     6
 Cast: Flame Tongue      |    27 |    49 |    48 |   129 |     7 |       |       |       ||   260
       Conjure Flame     |       |       |     6 |    11 |       |       |       |       ||    17
       Confuse           |       |       |    10 |     7 |     3 |       |       |       ||    20
       Sticky Flame      |       |       |     4 |    43 |    33 |     8 |       |       ||    88
       Throw Flame       |       |       |       |    31 |     7 |    11 |     2 |       ||    51
       Fireball          |       |       |       |    16 |    18 |    58 |    25 |     5 ||   122
       Summon Lightning  |       |       |       |     6 |     6 |     3 |    11 |       ||    26
       Dazzling Spray    |       |       |       |       |     2 |     1 |     1 |       ||     4
       Apportation       |       |       |       |       |       |    63 |    78 |    10 ||   151
       Irradiate         |       |       |       |       |       |    17 |    46 |    12 ||    75
       Statue Form       |       |       |       |       |       |    20 |    32 |    10 ||    62
       Passwall          |       |       |       |       |       |     5 |    23 |       ||    28
       Lee's Rapid Decon |       |       |       |       |       |       |     3 |    18 ||    21
       Summon Butterflie |       |       |       |       |       |       |       |     2 ||     2
       Sublimation of Bl |       |       |       |       |       |       |       |     1 ||     1
Invok: Bend Time         |       |       |     1 |     1 |       |       |       |       ||     2
       Slouch            |       |       |       |     5 |    19 |    14 |    30 |     4 ||    72
 Abil: End Transformatio |       |       |       |       |       |       |     3 |     2 ||     5
Evoke: Wand              |       |       |     2 |     7 |    57 |    26 |    13 |     5 ||   110
       Lamp of fire      |       |       |       |       |       |     1 |       |     1 ||     2
  Use: Potion            |     2 |     1 |    10 |     3 |     2 |     2 |     4 |     1 ||    25
       Scroll            |       |       |    13 |     6 |    16 |    14 |    22 |     4 ||    75
 Stab: Sleeping          |       |     6 |     2 |    11 |    16 |     9 |    26 |       ||    70
       Distracted        |       |       |     1 |     2 |     1 |     1 |     8 |       ||    13
       Confused          |       |       |       |     1 |     3 |       |       |       ||     4
       Paralysed         |       |       |       |       |     3 |       |       |       ||     3
       Invisible         |       |       |       |       |     1 |       |       |       ||     1
       Held in net/web   |       |       |       |       |       |       |     3 |     2 ||     5
  Eat: Ration            |       |     2 |     2 |     2 |     2 |     4 |     6 |     1 ||    19
       Chunk             |       |       |       |       |     2 |     2 |       |       ||     4
Armor: Robe              |     4 |    10 |    37 |    32 |       |       |       |       ||    83
       Skin              |       |     4 |    36 |       |       |   239 |   286 |    88 ||   653
       Leather armour    |       |       |       |       |    17 |       |       |       ||    17
       Troll leather arm |       |       |       |       |    10 |    33 |    26 |       ||    69
Dodge: Dodged            |    27 |    36 |   178 |   273 |   171 |   641 |   790 |   249 ||  2365
Block: Shield            |       |       |       |       |   178 |   637 |   946 |   253 ||  2014
       Reflection        |       |       |       |       |       |    13 |    73 |     9 ||    95

Table legend:
 A = Turns spent in this place as a percentage of turns spent in the entire game.
 B = Non-inter-level travel turns spent in this place as a percentage of non-inter-level travel turns spent in the entire game.
 C = Inter-level travel turns spent in this place as a percentage of turns spent in this place.
 D = Turns resting spent in this place as a percentage of non-inter-level travel turns spent in this place.
 E = Turns spent auto-exploring this place as a percentage of non-inter-level travel turns spent in this place.
 F = Non-inter-level travel turns spent in this place divided by the number of levels of this place that you've seen.
                   A       B       C       D       E      F
               +-------+-------+-------+-------+-------+----------------------
         Total | 100.0 | 100.0 |   0.6 |   0.0 |   0.0 | 255.1
       Dungeon |  30.9 |  30.8 |   0.9 |   0.0 |   0.0 | 251.3
        Temple |   0.4 |   0.4 |   0.0 |   0.0 |   0.0 |  51.0
          Lair |  18.0 |  17.8 |   1.4 |   0.0 |   0.0 | 363.7
        Shoals |   6.4 |   6.5 |   0.0 |   0.0 |   0.0 | 197.5
     Snake Pit |   7.9 |   8.0 |   0.0 |   0.0 |   0.0 | 244.5
    Slime Pits |   5.3 |   5.3 |   0.0 |   0.0 |   0.0 | 129.4
  Orcish Mines |   6.1 |   6.2 |   0.0 |   0.0 |   0.0 | 377.0
   Elven Halls |   7.6 |   7.7 |   0.4 |   0.0 |   0.0 | 312.7
        Vaults |   1.5 |   1.5 |   0.0 |   0.0 |   0.0 |  89.5
         Crypt |   6.9 |   7.0 |   0.0 |   0.0 |   0.0 | 284.7
          Tomb |   2.7 |   2.8 |   0.0 |   0.0 |   0.0 | 337.0
     Labyrinth |   4.8 |   4.8 |   0.0 |   0.0 |   0.0 | 590.0
        Bailey |   1.4 |   1.4 |   0.0 |   0.0 |   0.0 | 177.0
               +-------+-------+-------+-------+-------+----------------------

Table legend:
 A = Kills in this place as a percentage of kills in entire the game.
 B = Kills by you in this place as a percentage of kills by you in the entire game.
 C = Kills by friends in this place as a percentage of kills by friends in the entire game.
 D = Other kills in this place as a percentage of other kills in the entire game.
 E = Experience gained in this place as a percentage of experience gained in the entire game.
 F = Experience gained in this place divided by the number of levels of this place that you have seen.
                   A       B       C       D       E      F
               +-------+-------+-------+-------+-------+----------------------
         Total | 100.0 | 100.0 | 100.0 | 100.0 | 100.0 | 12457.8
       Dungeon |  22.8 |  23.2 |   3.8 |  28.6 |   5.3 | 2094.5
          Lair |  10.5 |  10.4 |  19.2 |   0.0 |   4.6 | 4606.2
        Shoals |  12.5 |  12.6 |  11.5 |   0.0 |  13.3 | 19897.8
     Snake Pit |  11.8 |  11.9 |   0.0 |  42.9 |  13.8 | 20699.2
    Slime Pits |   8.0 |   6.9 |  57.7 |  14.3 |  13.8 | 16467.8
  Orcish Mines |   9.2 |   9.4 |   3.8 |   0.0 |   2.8 | 8501.5
   Elven Halls |   6.8 |   6.8 |   3.8 |  14.3 |  14.8 | 29557.0
        Vaults |   4.2 |   4.4 |   0.0 |   0.0 |   4.8 | 14424.5
         Crypt |   6.8 |   7.0 |   0.0 |   0.0 |  18.4 | 36654.0
          Tomb |   3.8 |   3.9 |   0.0 |   0.0 |   7.4 | 44199.0
     Labyrinth |   0.1 |   0.1 |   0.0 |   0.0 |   0.2 | 1171.0
        Bailey |   3.3 |   3.4 |   0.0 |   0.0 |   0.7 | 4340.0
               +-------+-------+-------+-------+-------+----------------------

Vault maps used:
D:1:      kennysheep_arrival_forest, serial_glass, glass_columns_c,
          glass_columns_b, glass_columns_a, minmay_crystal_water,
          minmay_octomino_e4
D:2:      makhleb_blood_cavern_becter, uniq_terence, uniq_jessica
D:3:      chequers_ecumenical_altar_simple_redux
D:5:      minmay_temple_entry_overgrown, first_ration,
          nicolae_dithmenos_through_a_glass_darkly, uniq_edmund,
          uniq_blork_the_orc
D:6:      serial_bayou, serial_bayou_pond_b, serial_bayou_pond_d,
          serial_bayou_crossing, serial_bayou_ford_a, minmay_bent
D:7:      serial_shops, shop, uniq_pikel
D:8:      blue_anna_alchemist, kennysheep_potato
D:9:      lair_entry_dummy, special_room, elyvilon_altar_4, uniq_maurice,
          uniq_erica
D:10:     basic_altar
D:11:     orc_0_dummy, lab_entry_generic
D:12:     lemuel_flame_loot_2, minivault_26
D:13:     uniq_sonja
D:14:     lightli_vaults_fourway_checkpoint, serial_shops, nicolae_shop_stone,
          portal_ice_cave_demonic_guard, minmay_hedge_maze, hex_large,
          minmay_misc_feat_nine_boxes, serial_park_tiny_1, uniq_frances
D:15:     grunt_enter_depths_giant_problem, lemuel_doored_altar,
          nicolae_trove_entry_crossroad, serial_column_ruins,
          column_ruins_square_small, column_ruins_corridor_corner,
          column_ruins_open_small, column_ruins_corridor_dead_end,
          column_ruins_open_small_water, column_ruins_grid_1,
          column_ruins_corridor_straight, column_ruins_grid_1, dispersion_dpeg
Temple:   nicolae_temple_the_god_donut
Lair:1:   basic_altar
Lair:2:   shoals_dummy_entry, worms_lemuel, uniq_prince_ribbit2
Lair:3:   grunt_megastairs_3
Lair:4:   dragon1_lemuel, dummy_snake_entry
Lair:5:   nicolae_slime_entry_slimehenge, special_room,
          infiniplex_staircase_pool_2, serial_bayou_shore_b, lemuel_fruit_fields
Lair:6:   wormcave, serial_bayou_shore_b
Shoals:1: cheibrodos_shoals_baths
Shoals:2: nicolae_shoals_undead_eyrie
Shoals:3: cheibrodos_shoals_three_sisters, uniq_polyphemus
Shoals:4: shoals_end_grunt_garden, shoals_ilsuiw_ice, regret_index_shoals_crete
Snake:1:  grunt_ministairs_9, serial_bayou_lagoon_a, st_stairs_14, uniq_kirke
Snake:2:  guppyfry_snake_island
Snake:3:  serial_shops, shop_fountains, uniq_jorgrun
Snake:4:  minmay_snake_end_coiled, serial_shops, shop, shop
Slime:4:  cheibrodos_slime_lost_civilization_4
Orc:1:    enter_bailey_2, basic_altar
Orc:2:    st_orc_congregation, portal_ice_cave_entry_pillars_2
Elf:1:    serial_shops, shop, minmay_elf_necromancy, st_stairs_11,
          sword_in_stone, minmay_shop_grove
Elf:2:    serial_shops, nicolae_shop_trees, uniq_nikola, uniq_aizul, uniq_agnes
Elf:3:    minmay_elf_hall_four_x, minivault_20, uniq_donald
Vaults:1: vaults_room_octagon, vaults_mumra_lcd, ontoclasm_vaults_eye,
          v_rooms_2, v_alt_pattern_5, hangedman_vaults_slither,
          vaults_room_corners, nicolae_vaults_big_ls, ontoclasm_vaults_twist,
          grunt_vaults_focal, ontoclasm_vaults_pinch,
          nicolae_vaults_little_squares_2
Vaults:2: minmay_crypt_entry_simple_corners, v_rooms_3, v_misc_12,
          st_spiral_rooms, nicolae_vaults_hallways_thing,
          vaults_room_ringed_pool, hangedman_vaults_stretched_pinwheel,
          nicolae_vaults_specimen_jars, vaults_room_fancy_cross,
          vaults_room_pool, vaults_mumra_hex, v_misc_27,
          grunt_vaults_hallway_short
Crypt:2:  st_chilly_death
Crypt:3:  david_glass_crypt, basic_stair_grate_trap
Lab:      labyrinth_spiral, nicolae_lab_stuck
Bailey:   bailey_polearm_5, bailey
